 Dungeon Crawl Stone Soup version 0.28.0-53-g5a82cb258f (webtiles) character file.

Game seed: 13660842475973457464

360 zdrol the Carver (level 6, -7/52 HPs)
             Began as a Minotaur Fighter on June 23, 2022.
             Mangled by an orc warrior
             ... wielding a +0 battleaxe
              (10 damage)
             ... on level 7 of the Dungeon on June 24, 2022.
             The game lasted 00:19:04 (3931 turns).

zdrol the Carver (Minotaur Fighter)                 Turns: 3931, Time: 00:19:05

Health: -7/52      AC: 10    Str: 22    XL:     6   Next: 38%
Magic:  14/14      EV:  9    Int:  5    God:
Gold:   174        SH:  4    Dex: 10    Spells: 5/5 levels left

rFire   x . .      SeeInvis +   a - +0 long sword
rCold   + . .      Faith    .   c - +0 buckler
rNeg    . . .      Spirit   .   b - +0 scale mail
rPois   .          Reflect  .   (helmet restricted)
rElec   +          Harm     .   j - +2 cloak of the Thief {*Fog Slay-2 SInv Stlth+}
rCorr   .          Rampage  .   (no gloves)
Will    .....                   (no boots)
Stlth   +.........              (no amulet)
HPRegen 0.17/turn               h - ring "Golaahod" {Ice rElec}
MPRegen 0.14/turn               m - ring of magical power

@: mighty
A: horns 2, retaliatory headbutt
a: no special abilities


You were on level 7 of the Dungeon.
You visited 1 branch of the dungeon, and saw 6 of its levels.

You collected 174 gold pieces.

Inventory:

Hand Weapons
 a - a +0 long sword (weapon)
 k - a +0 vampiric halberd
 p - a +2 vorpal hand axe
Missiles
 g - a throwing net (quivered)
Armour
 b - a +0 scale mail (worn)
 c - a +0 buckler (worn)
 j - the +2 cloak of the Thief (worn) {*Fog Slay-2 SInv Stlth+}
   (You acquired it on level 3 of the Dungeon)

   It may release a thick cloud of smoke when the wearer is hurt.
   Slay:      It affects your accuracy & damage with ranged weapons and melee
   (-2).
   SInv:      It lets you see invisible.
   Stlth:     It makes you more stealthy.
Jewellery
 h - the ring "Golaahod" (left hand) {Ice rElec}
   (You acquired it on level 3 of the Dungeon)

   [ring of ice]

   It enhances your ice magic.
   rF:        It makes you vulnerable to fire.
   rC:        It protects you from cold.
   rElec:     It insulates you from electricity.
 l - an amulet of regeneration
 m - a ring of magical power (right hand)
Scrolls
 n - a scroll of immolation {unknown}
 r - 2 scrolls of teleportation
Potions
 e - a potion of haste
 f - 3 potions of resistance
 i - a potion of degeneration {unknown}
 o - a potion of brilliance {unknown}
 q - a potion of cancellation {unknown}


   Skills:
 - Level 3.7 Fighting
 + Level 8.0 Long Blades
 + Level 0.2 Throwing
 - Level 3.7 Armour
 - Level 4.0 Shields


You had 5 spell levels left.
You didn't know any spells.
Your spell library contained the following spells:

 Spells                   Type           Power      Damage    Failure   Level
 Scorch                   Fire           0%         2d5       95%         2
 Flame Wave               Conj/Fire      0%         2d4       100%        4
 Summon Cactus Giant      Summ           0%         N/A       100%        6


Dungeon Overview and Level Annotations

Branches:
Dungeon (5/15)
 Temple: D:4-7

Altars:
Dithmenos
Elyvilon

Shops:
D:1 *

Annotations:
D:7 3 runed translucent doors, gobodom's ghost, novice DsIE


Innate Abilities, Weirdness & Mutations

You have a pair of horns on your head.
You reflexively headbutt those who attack you in melee.


Message History

You hit the centaur.
The centaur is moderately wounded.
The centaur hits you but does no damage.
The centaur kicks you but does no damage.
The centaur hits you. You block the centaur's attack.
You slash the centaur!
The centaur is severely wounded.
You block the centaur's attack.
The centaur kicks you but does no damage.
You slash the centaur!
You kill the centaur!
The howler monkey hoots and howls with incredible vigour!
You hear a shout!
Your Long Blades skill increases to level 8!
You hit the orc warrior. You headbutt the orc warrior.
The orc warrior is heavily wounded.
The orc warrior hits you with a +0 battleaxe!
With a swish of your cloak, you release a cloud of fog.
You barely miss the orc warrior.
The orc warrior is heavily wounded.
The orc warrior hits you with a +0 battleaxe!
With a swish of your cloak, you release a cloud of fog.
You closely miss the orc warrior.
The orc warrior is heavily wounded.
The orc warrior hits you with a +0 battleaxe!!
* * * LOW HITPOINT WARNING * * *
With a swish of your cloak, you release a cloud of fog.
A bullfrog skeleton comes into view.
You hit the orc warrior.
The orc warrior is heavily wounded.
The orc warrior barely misses you.
You hit the orc warrior but do no damage.
Your headbutt misses the orc warrior.
The orc warrior is heavily wounded.
The orc warrior hits you with a +0 battleaxe.
* * * LOW HITPOINT WARNING * * *
You feel very mighty all of a sudden.
The howler monkey hoots and howls with incredible vigour!
The orc warrior hits you with a +0 battleaxe!
You die...

#...#####
#......... .##
#####...#####.
....#...........#
.................
......§Z§.......#
.#..##h#...#.###
#. #o#$..Z.... #
#@#...#.###
#§#...#.# #§##.#h
# #.# ##'o ### .≈
.##


You could see an orc warrior and a howler monkey.

Vanquished Creatures
  A centaur (D:7)
  A howler monkey (D:7)
  A jelly (D:4)
  2 hounds (D:3)
  An orc priest (D:4)
  A hound skeleton (D:4)
  4 gnolls
  An ufetubus (D:7)
  2 dart slugs
  4 orcs
  3 endoplasms
  2 giant cockroaches (D:1)
  8 goblins
  6 hobgoblins
  7 jackals
  4 quokkas
  A ball python (D:2)
  8 bats
  2 frilled lizards
  2 kobolds
  5 rats
66 creatures vanquished.

Vanquished Creatures (others)
  A demonic plant (D:1)
  A fungus (D:1)
  A withered plant (D:1)
3 creatures vanquished.

Grand Total: 69 creatures vanquished

Notes
Turn   | Place    | Note
-------+----------+-------------------------------------------
     0 | D:1      | zdrol the Minotaur Fighter began the quest for the Orb.
     0 | D:1      | Reached XP level 1. HP: 19/19 MP: 0/0
   336 | D:1      | Found a faded altar of an unknown god.
   507 | D:1      | Reached XP level 2. HP: 27/27 MP: 1/1
   562 | D:1      | Reached skill level 3 in Long Blades
   757 | D:1      | Found Gaor's General Store.
  1228 | D:1      | Reached XP level 3. HP: 33/33 MP: 2/2
  1764 | D:2      | Reached skill level 4 in Long Blades
  2021 | D:2      | Reached XP level 4. HP: 40/40 MP: 3/3
  2131 | D:2      | Reached skill level 5 in Long Blades
  2810 | D:3      | Identified 2 scrolls of acquirement
  2810 | D:3      | Acquired the +2 cloak of the Thief {*Fog Slay-2 SInv
                  | Stlth+}
  2810 | D:3      | Found the +2 cloak of the Thief {*Fog Slay-2 SInv Stlth+}
  2817 | D:3      | Acquired the ring "Golaahod" {Ice rElec}
  2964 | D:3      | Reached skill level 6 in Long Blades
  2964 | D:3      | Reached XP level 5. HP: 14/46 MP: 4/4
  3207 | D:3      | Found a shadowy altar of Dithmenos.
  3207 | D:3      | Found a white marble altar of Elyvilon.
  3390 | D:4      | Reached skill level 7 in Long Blades
  3614 | D:5      | Entered Level 5 of the Dungeon
  3725 | D:4      | You fall into a shaft and drop 3 floors!
  3767 | D:7      | Found a runed translucent gate.
  3767 | D:7      | Found a runed translucent gate.
  3768 | D:7      | Found a runed translucent gate.
  3769 | D:7      | Noticed gobodom's ghost (novice DsIE)
  3906 | D:7      | Noticed an orc warrior
  3918 | D:7      | Noticed a centaur
  3922 | D:7      | Reached XP level 6. HP: 47/52 MP: 5/5
  3925 | D:7      | Reached skill level 8 in Long Blades
  3930 | D:7      | HP: 2/52 [orc warrior/+0 battleaxe (2)]
  3931 | D:7      | Mangled by an orc warrior

Illustrated notes

Levels and vault maps discovered:
D:1:      minmay_arrival_four_loops, layout_basic, shapermc_ecumenical_altar_gd,
          serial_shops, nicolae_lakefront_shop, minmay_tree_intersection,
          minmay_misc_feat_enclosed
D:2:      layout_basic
D:3:      layout_rooms, gammafunk_temple_overflow_wave, dk_vineyard_2,
          st_stairs_14, cheibrodos_gnoll_hut
D:4:      layout_basic, nicolae_hepliaklqana_monster_ancestors
D:5:      layout_cave_pools, minivault_23, uniq_ijyb
D:7:      layout_loops_cross, overflow_temple_1_default,
          minmay_temple_entry_offerings, gammafunk_ghost_nasty_kobolds,
          kennysheep_generic_room_5

Skill      XL: |  1  2  3  4  5  6 |
---------------+-------------------+-----
Shields        | 4 |  4.0
Long Blades    | 3 4 6 7 8 |  8.0
Fighting       | |  3.7
Throwing       | |  0.2
Armour         | |  3.7

Action                   |  1- 3 |  4- 6 || total
-------------------------+-------+-------++-------
Melee: Long sword        |    82 |    73 ||   155
       Headbutt          |    13 |    11 ||    24
Throw: Throwing net      |       |     2 ||     2
  Use: Scroll            |     2 |     5 ||     7
       Potion            |       |     1 ||     1
Armor: Scale mail        |    44 |    29 ||    73
Dodge: Dodged            |    41 |    38 ||    79
Block: Buckler           |    20 |    15 ||    35
